 Dungeon Crawl Stone Soup version 0.19.5 (webtiles) character file.

116 tidbits the Skirmisher (level 4, -3/33 HPs)
             Began as a High Elf Wanderer on Oct 29, 2017.
             Slain by a water moccasin zombie (5 damage)
             ... in an ossuary.
             The game lasted 00:10:28 (1526 turns).

tidbits the Skirmisher (High Elf Wanderer)          Turns: 1526, Time: 00:10:29

Health: -3/33      AC:  7    Str: 12 (13) XL:     4   Next: 69%
Magic:  5/5        EV: 11    Int: 12 (14) God:
Gold:   129        SH:  0    Dex: 15      Spells: 2 memorised, 1 level left

rFire  . . .     SeeInvis .     a - +0 falchion
rCold  . . .     Gourm    .     B - +0 ring mail
rNeg   . . .     Faith    .     (no shield)
rPois  .         Spirit   .     (no helmet)
rElec  .         Reflect  .     C - +0 cloak
rCorr  .         Harm     .     (no gloves)
MR     .....                    F - +0 pair of boots
Stlth  +.........               (no amulet)
                                (no ring)
                                (no ring)

@: no status effects
A: no striking features
a: no special abilities


You were in an ossuary.
You were not hungry.

You visited 1 branch of the dungeon, and saw 4 of its levels.
You also visited: Ossuary.

You collected 129 gold pieces.

Inventory:

Hand Weapons
 a - a +0 falchion (weapon)
   (You found it on level 4 of the Dungeon)
 b - a +2 dagger
 g - a +0 quarterstaff
   (You found it on level 2 of the Dungeon)
 k - a +0 hunting sling
   (You found it on level 2 of the Dungeon)
 n - a +2 mace of protection
   (You found it on level 3 of the Dungeon)
Missiles
 e - 15 bolts
Armour
 d - a +0 plate armour
   (You took it off a hobgoblin on level 1 of the Dungeon)
 B - a +0 ring mail (worn)
 C - a +0 cloak (worn)
   (You found it on level 1 of the Dungeon)
 F - a +0 pair of boots (worn)
   (You found it on level 2 of the Dungeon)
Jewellery
 l - an uncursed ring of teleportation
   (You found it on level 1 of the Dungeon)
Scrolls
 i - a scroll of remove curse
 o - a scroll of identify {unknown}
 q - a scroll of amnesia {unknown}
 t - a scroll of recharging {unknown}
 u - a scroll of fear
 v - a scroll of fog {unknown}
Books
 f - a book of Changes
   (You found it on level 2 of the Dungeon)

   Spells                             Type                      Level
   a - Beastly Appendage              Transmutation                1
   b - Sticks to Snakes               Transmutation                2
   c - Spider Form                    Transmutation/Poison         3
   d - Ice Form                       Ice/Transmutation            4
   e - Blade Hands                    Transmutation                5
 r - a book of Beasts
   (You found it on level 3 of the Dungeon)

   Spells                             Type                      Level
   a - Summon Butterflies             Summoning                    1
   b - Call Canine Familiar           Summoning                    3
   c - Summon Ice Beast               Ice/Summoning                4
   d - Summon Mana Viper              Hexes/Summoning              5
   e - Summon Hydra                   Summoning                    7
Comestibles
 c - a bread ration
 s - a meat ration


   Skills:
 - Level 4.0 Fighting
 + Level 2.2 Long Blades
 - Level 2.4 Maces & Flails
 - Level 2.1 Armour
 - Level 2.5 Dodging
 - Level 2.3 Stealth


You had one spell level left.
You knew the following spells:

 Your Spells              Type           Power        Failure   Level  Hunger
e - Beastly Appendage     Tmut           #.....       75%         1    ##.....
P - Summon Butterflies    Summ           #.......     75%         1    ##.....


Dungeon Overview and Level Annotations

Branches:
Dungeon (4/15)
 Temple: D:4-7

Altars:
Xom

Annotations:
D:4 Sigmund


Message History

You swing at nothing.
You swing at nothing.
You swing at nothing.
You swing at nothing.
You swing at nothing.
You swing at nothing.
You swing at nothing.
You swing at nothing.
You swing at nothing.
You swing at nothing.
You swing at nothing.
You swing at nothing.
You swing at nothing.
You swing at nothing.
You swing at nothing.
You swing at nothing.
You swing at nothing.
You swing at nothing.
You swing at nothing.
You swing at nothing.
You swing at nothing.
You swing at nothing.
You swing at nothing.
You swing at nothing.
You swing at nothing.
You swing at nothing.
You swing at nothing.
You swing at nothing.
You swing at nothing.
You swing at nothing.
You swing at nothing.
You swing at nothing.
You swing at nothing.
You swing at nothing.
You swing at nothing.
You swing at nothing.
You swing at nothing.
You swing at nothing.
You swing at nothing.
You swing at nothing.
You swing at nothing.
You are near starving!
You start eating the slice of pizza.
Mmm...
Super Supreme.
You open the door.
There is an open door here.
Wield which item (- for none, * to show all)? (? for menu, Esc to quit)
a - a +0 falchion (weapon)
You catch the helpless orc zombie completely off-guard!
You hit the orc zombie.
You destroy the orc zombie!
There is an open door here.
As you open the door, it creaks loudly!
A hobgoblin zombie comes into view.
A poisoned needle misses the water moccasin zombie!
An arrow hits the water moccasin zombie!
A water moccasin zombie comes into view.
The water moccasin zombie moves out of view.
You hit the hobgoblin zombie.
The hobgoblin zombie is moderately damaged.
The hobgoblin zombie completely misses you.
You slash the hobgoblin zombie!
You destroy the hobgoblin zombie!
The water moccasin zombie bites you.
* * * LOW HITPOINT WARNING * * *
A gnoll zombie comes into view.
You hit the water moccasin zombie.
The water moccasin zombie is moderately damaged.
The water moccasin zombie bites you.
* * * LOW HITPOINT WARNING * * *
The gnoll zombie moves out of view.
You hit the water moccasin zombie but do no damage.
The water moccasin zombie is moderately damaged.
The water moccasin zombie completely misses you.
You riposte.
You closely miss the water moccasin zombie.
The water moccasin zombie is moderately damaged.
The water moccasin zombie bites you!
* * * LOW HITPOINT WARNING * * *
You hit the water moccasin zombie.
The water moccasin zombie is moderately damaged.
The water moccasin zombie bites you.
* * * LOW HITPOINT WARNING * * *
You aren't carrying any potions.
Unknown command.
You barely miss the water moccasin zombie.
The water moccasin zombie is moderately damaged.
The water moccasin zombie bites you.
* * * LOW HITPOINT WARNING * * *
The water moccasin zombie barely misses you.
You riposte.
You hit the water moccasin zombie.
The water moccasin zombie is heavily damaged.
You found a needle trap!
You closely miss the water moccasin zombie.
The water moccasin zombie is heavily damaged.
The water moccasin zombie misses you.
You barely miss the water moccasin zombie.
The water moccasin zombie is heavily damaged.
The water moccasin zombie bites you.
You die...

#+### #...#
#.^.# .^.#
...#
###########Z##
+..^^#...#.Z^#
#^...'..^'.@.#
#..^.#...#..∩#
##############


You could see a water moccasin zombie and a gnoll zombie.

Vanquished Creatures
  A mummy (D:4)
  4 adders
  3 adder zombies (Ossuary)
  An adder skeleton (D:4)
  A worm (D:3)
  3 dart slugs
  2 orcs (D:4)
  4 giant cockroaches
  A gnoll zombie (Ossuary)
  5 goblins
  5 hobgoblins
  4 bats
  3 frilled lizards (D:1)
  3 hobgoblin zombies (Ossuary)
  2 kobolds
  2 kobold zombies (Ossuary)
  3 orc zombies (Ossuary)
  2 rats
49 creatures vanquished.

Notes
Turn   | Place    | Note
-------+----------+-------------------------------------------
     0 | D:1      | tidbits the High Elf Wanderer began the quest for the Orb.
     0 | D:1      | tidbits set off with: a +2 dagger, a scroll of fear, a +0 ring mail, a scroll of teleportation, a bread ration
     0 | D:1      | Reached XP level 1. HP: 16/16 MP: 2/2
    56 | D:1      | Reached skill level 2 in Armour
   107 | D:1      | Reached XP level 2. HP: 18/21 MP: 3/3
   545 | D:1      | Reached skill level 1 in Dodging
   627 | D:2      | Reached XP level 3. HP: 23/26 MP: 4/4
   743 | D:3      | Reached skill level 2 in Dodging
   898 | D:3      | Learned a level 1 spell: Beastly Appendage
   900 | D:3      | Learned a level 1 spell: Summon Butterflies
   930 | D:4      | Found a shimmering altar of Xom.
   940 | D:4      | Reached XP level 4. HP: 29/33 MP: 5/5
   964 | D:4      | Reached skill level 4 in Fighting
  1094 | D:4      | Noticed Sigmund
  1145 | D:4      | Found a sand-covered staircase.
  1163 | D:4      | Reached skill level 1 in Long Blades
  1215 | Ossuary  | Entered an ossuary
  1430 | Ossuary  | Reached skill level 2 in Long Blades
  1445 | Ossuary  | HP: 3/33 [orc zombie (4)]
  1523 | Ossuary  | HP: 2/33 [water moccasin zombie (2)]
  1526 | Ossuary  | Slain by a water moccasin zombie

Skill      XL: |  1  2  3  4 |
---------------+-------------+-----
Armour         | 2 |  2.1
Dodging        | 1 2 |  2.5
Fighting       | 4 |  4.0
Long Blades    | 2 |  2.2
Maces & Flails | |  2.4
Stealth        | |  2.3

Action                   |  1- 3 |  4- 6 || total
-------------------------+-------+-------++-------
Melee: Dagger            |   149 |    11 ||   160
       Falchion          |       |    88 ||    88
 Cast: Beastly Appendage |     1 |     1 ||     2
  Use: Potion            |     2 |     5 ||     7
       Scroll            |     1 |     1 ||     2
 Stab: Sleeping          |     2 |     3 ||     5
       Distracted        |       |     1 ||     1
  Eat: Pizza             |       |     1 ||     1
       Beef jerky        |       |     1 ||     1
Armor: Ring mail         |    71 |    32 ||   103
Dodge: Dodged            |    84 |    55 ||   139
       Rpst.: Falchion   |       |    13 ||    13

Table legend:
 A = Turns spent in this place as a percentage of turns spent in the entire game.
 B = Non-inter-level travel turns spent in this place as a percentage of non-inter-level travel turns spent in the entire game.
 C = Inter-level travel turns spent in this place as a percentage of turns spent in this place.
 D = Turns resting spent in this place as a percentage of non-inter-level travel turns spent in this place.
 E = Turns spent auto-exploring this place as a percentage of non-inter-level travel turns spent in this place.
 F = Non-inter-level travel turns spent in this place divided by the number of levels of this place that you've seen.
                   A       B       C       D       E      F
               +-------+-------+-------+-------+-------+----------------------
         Total | 100.0 | 100.0 |   0.1 |   0.5 |   0.1 | 246.8
       Dungeon |  84.2 |  84.2 |   0.1 |   0.4 |   0.1 | 259.8
       Ossuary |  15.8 |  15.8 |   0.0 |   1.0 |   0.0 | 195.0
               +-------+-------+-------+-------+-------+----------------------

Table legend:
 A = Kills in this place as a percentage of kills in entire the game.
 B = Kills by you in this place as a percentage of kills by you in the entire game.
 C = Kills by friends in this place as a percentage of kills by friends in the entire game.
 D = Other kills in this place as a percentage of other kills in the entire game.
 E = Experience gained in this place as a percentage of experience gained in the entire game.
 F = Experience gained in this place divided by the number of levels of this place that you have seen.
                   A       B       C       D       E      F
               +-------+-------+-------+-------+-------+----------------------
         Total | 100.0 | 100.0 |  -nan |  -nan | 100.0 |  33.2
       Dungeon |  75.5 |  75.5 |  -nan |  -nan |  84.3 |  35.0
       Ossuary |  24.5 |  24.5 |  -nan |  -nan |  15.7 |  26.0
               +-------+-------+-------+-------+-------+----------------------

Vault maps used:
D:1:      erik_arrival_cave_to_civilisation
D:2:      first_bread, uniq_iyjb
D:4:      old_standard_altar, grunt_temple_overflow_open,
          nicolae_ossuary_entry_giza, uniq_sigmund
Ossuary:  ossuary_tomb_2
